 Dungeon Crawl Stone Soup version 0.27-a0-364-g31b3477d74 (webtiles) character file.

Game seed: 6674519942609598970

7 dracos369 the Digger (level 1, 0/14 HPs)
             Began as a Demigod Earth Elementalist on Feb 16, 2021.
             Slain by a jackal (2 damage)
             ... on level 1 of the Dungeon.
             The game lasted 00:01:10 (191 turns).

dracos369 the Digger (Demigod Earth Elementalist)    Turns: 191, Time: 00:01:11

Health: 0/14       AC:  2    Str:  9    XL:     1   Next: 73%
Magic:  1/5        EV: 12    Int: 17    God:
Gold:   0          SH:  0    Dex: 14    Spells: 3/4 levels left

rFire    . . .     SeeInvis .   (no weapon)
rCold    . . .     Faith    .   (no shield)
rNeg     . . .     Spirit   .   c - +0 robe
rPois    .         Reflect  .   (no helmet)
rElec    .         Harm     .   (no cloak)
rCorr    .         Rampage  .   (no gloves)
Will     .....                  (no boots)
Stlth    ++........             (no amulet)
HPRegen  0.04/turn              (no ring)
MPRegen  0.09/turn              (no ring)

@: no status effects
A: high mp 1
a: no special abilities


You were on level 1 of the Dungeon.
You visited 1 branch of the dungeon, and saw 1 of its levels.

Inventory:

Missiles
 b - 36 stones
Armour
 c - a +0 robe (worn)


   Skills:
 - Level 1.7 Dodging
 - Level 1.7 Stealth
 + Level 2.1 Spellcasting
 - Level 0.8 Transmutations
 + Level 3.0 Earth Magic


You had 3 spell levels left.
You knew the following spells:

 Your Spells              Type           Power        Failure   Level
a - Sandblast             Erth           22%          5%          1

Your spell library contained the following spells:

 Spells                   Type           Power        Failure   Level
 Passwall                 Tmut/Erth      6%           13%         2
 Stone Arrow              Conj/Erth      12%          30%         3
 Petrify                  Tmut/Erth      8%           65%         4
 Lee's Rapid Deconstruct  Erth           5%           83%         5


Dungeon Overview and Level Annotations

Branches:
Dungeon (1/15)


Innate Abilities, Weirdness & Mutations

You have an increased reservoir of magic. (+10% MP)


Message History

Aiming: Sandblast (safe; 6% risk of failure)
Press: ? - help, Q - select action, (/) - cycle Shift-Dir - straight line, f - leopard gecko, p - goblin
Aim: a leopard gecko (31% to evade)
The blast of sand misses the jackal.
The blast of sand misses the bat.
The blast of sand hits the leopard gecko!
You kill the leopard gecko!
The jackal bites you but does no damage.
The jackal barely misses you.
Your Earth Magic skill increases to level 3!
You barely miss the jackal.
The jackal is heavily wounded.
The jackal bites you.
* * * LOW HITPOINT WARNING * * *
You closely miss the jackal.
The jackal is heavily wounded.
The jackal misses you.
You completely miss the jackal.
The jackal is heavily wounded.
The jackal misses you. The jackal closely misses you.
You barely miss the jackal.
The jackal is heavily wounded.
The jackal closely misses you.
You hit the jackal but do no damage.
The jackal is heavily wounded.
The jackal barely misses you. x2
You hit the jackal but do no damage.
The jackal is heavily wounded.
The jackal barely misses you.
You closely miss the jackal.
The jackal is heavily wounded.
The jackal barely misses you.
You hit the jackal but do no damage.
The jackal is heavily wounded.
The jackal closely misses you. The jackal bites you.
* * * LOW HITPOINT WARNING * * *
You completely miss the jackal.
The jackal is heavily wounded.
The jackal closely misses you. The jackal bites you.
You die...

#...##.######## #.
#.### #...#
###.######.## ##
###.#........ ..
#.....## .## #.###..###
..######
#.####...#######g......
#..........@hbh†g## .#
#########...####..#..#
###.## ##...# h
####..####.#....l
#.............###
.....######....### ####
...#...# .######..# .#
#..


You could see 2 jackals, 2 goblins and a bat.

Vanquished Creatures
  A leopard gecko (D:1)
  A giant cockroach (D:1)
  2 jackals (D:1)
  2 rats (D:1)
6 creatures vanquished.

Notes
Turn   | Place    | Note
-------+----------+-------------------------------------------
     0 | D:1      | dracos369 the Demigod Earth Elementalist began the quest
                  | for the Orb.
     0 | D:1      | Reached XP level 1. HP: 14/14 MP: 5/5
   182 | D:1      | Reached skill level 3 in Earth Magic
   191 | D:1      | Slain by a jackal

Illustrated notes

Levels and vault maps discovered:
D:1:      dpeg_arrival_prison, layout_rooms

Skill      XL: |  1 |
---------------+----+-----
Spellcasting   | 2 |  2.1
Earth Magic    | 3 |  3.0
Dodging        | |  1.7
Stealth        | |  1.7
Transmutations | |  0.8

Action                   || total
-------------------------++-------
Melee: Unarmed           ||    23
 Cast: Sandblast         ||    10
Armor: Robe              ||     4
Dodge: Dodged            ||    27

Table legend: (Time is in decaauts)
 A = Elapsed time spent in this place.
 B = Non-inter-level travel time spent in this place.
 C = Inter-level travel time spent in this place.
 D = Time resting spent in this place.
 E = Time spent auto-exploring this place.
 F = Levels seen in this place.
 G = Mean time per level.
                   A        B        C        D        E       F      G
               +--------+--------+--------+--------+--------+-----+--------+
         Total |    191 |    191 |      0 |     11 |    121 |   1 |  191.0 |
       Dungeon |    191 |    191 |      0 |     11 |    121 |   1 |  191.0 |
               +--------+--------+--------+--------+--------+-----+--------+

Top non-repeatable levels by time:
     D:1: 191 daAuts
